 Dungeon Crawl Stone Soup version 0.31.0-9-g3a7656b989 (webtiles) character file.

Game seed: 5021768152982577232

250 GordonOverkill the Chopper (level 5, 0/41 HPs)
             Began as a Minotaur Alchemist on Jan 29, 2024.
             Slain by an ufetubus (3 damage)
             ... on level 2 of the Dungeon.
             The game lasted 00:03:48 (2390 turns).

GordonOverkill the Chopper (Minotaur Alchemist)     Turns: 2390, Time: 00:03:49

Health: 0/41       AC:  7    Str: 14    XL:     5   Next: 88%
Magic:  6/6        EV:  5    Int: 12    God:
Gold:   108        SH: 12    Dex: 11    Spells: 5/6 levels left

rFire   . . .        k - +5 Force Lance {heavy, knockback}
rCold   . . .        h - +2 tower shield
rNeg    . . .        i - +0 scale mail
rPois   .            (helmet restricted)
rElec   .            (no cloak)
rCorr   .            (no gloves)
SInv    .            (no boots)
Will    +....        (no amulet) Stlth
                     (no ring)
HPRegen 0.26/turn    (no ring)
MPRegen 0.10/turn

%: no passive effects
@: no status effects
A: horns 2, retaliatory headbutt, strong-willed 1, shaggy fur 1, MP-powered
wands
a: no special abilities


You were on level 2 of the Dungeon.
You visited 1 branch of the dungeon, and saw 3 of its levels.

You collected 108 gold pieces.

Inventory:

Hand Weapons
 k - the +5 Force Lance (weapon) {heavy, knockback}
   (You found it on level 2 of the Dungeon)
Missiles
 c - 2 javelins (quivered)
Armour
 h - a +2 tower shield (worn)
 i - a +0 scale mail (worn)
Scrolls
 a - a scroll of identify {unknown}
 f - 2 scrolls of teleportation {unknown}
 g - 2 scrolls of vulnerability {unknown}
 j - 2 scrolls of fog {unknown}
Potions
 b - a potion of magic
 d - a potion of haste {unknown}
 e - a potion of curing


   Skills:
 - Level 2.0 Fighting
 + Level 6.1 Axes
 - Level 2.0 Armour
 - Level 2.1 Dodging
 - Level 1.5 Stealth
 - Level 1.3 Spellcasting
 - Level 0.6 Conjurations
 - Level 2.1 Alchemy


You had 5 spell levels left.
You knew the following spells:

 Your Spells              Type           Power      Damage    Failure   Level
a - Sting                 Conj/Alch      16%        1d4       100%        1

Your spell library contained the following spells:

 Spells                   Type           Power      Damage    Failure   Level
 Apportation              Tloc           0%         N/A       100%        1
 Sandblast                Erth           0%         2d4       100%        1
 Jinxbite                 Hex            0%         N/A       100%        2
 Mercury Vapours          Alch/Air       6%         N/A       100%        2
 Hailstorm                Conj/Ice       1%         3d5       100%        3
 Mephitic Cloud           Conj/Alch/Air  3%         N/A       100%        3
 Passwall                 Erth           0%         N/A       100%        3
 Stone Arrow              Conj/Erth      2%         3d7       100%        3
 Summon Ice Beast         Ice/Summ       0%         N/A       100%        3
 Brom's Barrelling Bould  Conj/Erth      1%         2d3       100%        4
 Olgreb's Toxic Radiance  Alch           6%         N/A       100%        4
 Sticky Flame             Fire/Alch      3%         2d4       100%        4
 Alistair's Intoxication  Alch           4%         N/A       100%        5
 Sculpt Simulacrum        Ice/Alch       1%         N/A       100%        6


Dungeon Overview and Level Annotations

Branches:
Dungeon (3/15)

Altars:

Shops:
D:2 =


Innate Abilities, Weirdness & Mutations

You have a pair of horns on your head.
You reflexively headbutt those who attack you in melee.
You are strong-willed. (Will+)
You are covered in fur. (AC +1)
You expend magic power (3 MP) to strengthen your wands.


Message History

The ufetubus hits you but does no damage. x2
The orc hits you with a +0 club.
* * * LOW HITPOINT WARNING * * *
The ufetubus barely misses you. The ufetubus hits you.
* * * LOW HITPOINT WARNING * * *
The ufetubus hits you but does no damage.
The ufetubus hits you.
* * * LOW HITPOINT WARNING * * *
You puncture the ufetubus!
You kill the ufetubus!
You block the ufetubus's attack. x2; The orc hits you with a +0 club.
* * * LOW HITPOINT WARNING * * *
You block the ufetubus's attack. x2; The orc closely misses you.
You furiously retaliate!
You headbutt the orc. The ufetubus hits you.
* * * LOW HITPOINT WARNING * * *
The ufetubus barely misses you. The ufetubus barely misses you.
The ufetubus hits you but does no damage.
You barely miss the ufetubus. The ufetubus slips past you!
You block the ufetubus's attack. x4; The orc hits you with a +0 club.
* * * LOW HITPOINT WARNING * * *
The ufetubus hits you but does no damage. x2
You barely miss the orc.
The orc is heavily wounded.
The ufetubus hits you.
* * * LOW HITPOINT WARNING * * *
You block the ufetubus's attack. You block the orc's attack.
The ufetubus hits you but does no damage.
You block the ufetubus's attack. You block the orc's attack.
You closely miss the ufetubus. You block the ufetubus's attack.
The ufetubus closely misses you. You block the ufetubus's attack. x2
The orc hits you but does no damage. You block the ufetubus's attack.
The ufetubus hits you but does no damage.
The orc hits you with a +0 club.
* * * LOW HITPOINT WARNING * * *
You puncture the orc!
You kill the orc!
You block the ufetubus's attack. x2; The ufetubus slips past you!
You block the ufetubus's attack. x2; The ufetubus hits you.
You die...

#.###)##.## #.# ##### #
.#.#.###..######.# #...##### #
###.#.........##.## #.#.....# #
.#.##.#.#.#.#.#...## #...###.# #
..#...#............# ##.## #.# #
.###<##.#.#.#.#...#####.####.# #
.................†...........# #
#####.#.#.#.#.##5######.####.#
#.........##@# #.# #.#
#.#####..###'## #.####.# #.#
#..##...## #.##...# #.##
##.......## #.##.#.# #..##
##.......###.##.#.#
#####...####......)..##.#....####
...........'.........'.<..>......
..###....###.........####...#####
..# #....# ##.......## ##.##


You could see an ufetubus.

Vanquished Creatures
  Sigmund (D:2)
  2 adders (D:2)
  An ufetubus (D:2)
  2 dart slugs
  2 ribbon worms (D:2)
  An orc (D:2)
  5 endoplasms
  A giant cockroach (D:1)
  8 goblins
  8 hobgoblins
  4 jackals (D:2)
  2 quokkas (D:1)
  7 ball pythons
  2 bats
  2 frilled lizards
  4 kobolds (D:1)
  3 rats
55 creatures vanquished.

Notes
Turn   | Place    | Note
-------+----------+-------------------------------------------
     0 | D:1      | GordonOverkill the Minotaur Alchemist began the quest for
                  | the Orb.
     0 | D:1      | Reached XP level 1. HP: 14/14 MP: 1/1
    93 | D:1      | Reached skill level 1 in Fighting
   192 | D:1      | Reached XP level 2. HP: 24/24 MP: 3/3
   206 | D:1      | Reached skill level 1 in Armour
   531 | D:1      | Reached skill level 1 in Axes
   535 | D:1      | Reached XP level 3. HP: 27/29 MP: 4/4
   662 | D:1      | Found a faded altar of an unknown god.
  1052 | D:2      | You fall into a shaft and drop 1 floor!
  1084 | D:2      | Reached skill level 2 in Axes
  1324 | D:2      | Found Vamn's Jewellery Boutique.
  1468 | D:2      | Found the +5 Force Lance {heavy, knockback}
  1722 | D:2      | Reached skill level 3 in Axes
  1945 | D:2      | Noticed Sigmund
  1967 | D:2      | Reached XP level 4. HP: 18/36 MP: 5/5
  1967 | D:2      | Gained mutation: You are strong-willed. (Will+) [potion of
                  | mutation]
  1967 | D:2      | Gained mutation: You expend magic power (3 MP) to
                  | strengthen your wands. [potion of mutation]
  1967 | D:2      | Gained mutation: You are covered in fur. (AC +1) [potion of
                  | mutation]
  1978 | D:2      | Killed Sigmund
  1979 | D:2      | Reached skill level 5 in Axes
  1979 | D:2      | Reached XP level 5. HP: 10/41 MP: 6/6
  1987 | D:2      | Reached skill level 6 in Axes
  2390 | D:2      | Slain by an ufetubus

Illustrated notes

Levels and vault maps discovered:
D:1:      eino_arrival_water_star, layout_basic,
          ebering_ecumenical_altar_sacrificial, minmay_close_crescents
D:2:      layout_loops_corners, serial_shops, nicolae_shop_real_fake_doors,
          serial_glass, glass_columns_a, glass_columns_b, glass_columns_a,
          glass_columns_a, glass_columns_a, glass_columns_a, glass_columns_b,
          glass_columns_b, minmay_tripent, uniq_sigmund
D:3:      layout_rooms, pdpol_wu_jian_five_deadly_venoms, gup_sewer_entry_glass,
          minmay_checkerbox

Skill      XL: |  1  2  3  4  5 |
---------------+----------------+-----
Fighting       | 2 |  2.0
Armour         | 2 |  2.0
Axes           | 1 3 5 6 |  6.1
Dodging        | |  2.1
Stealth        | |  1.5
Spellcasting   | |  1.3
Conjurations   | |  0.6
Alchemy        | |  2.1

Action                     |  1- 3 |  4- 6 || total
---------------------------+-------+-------++-------
  Melee: Short sword       |    99 |       ||    99
         Unarmed           |     7 |       ||     7
         Headbutt          |    20 |     1 ||    21
         Punch             |     1 |       ||     1
         Lance             |    10 |    24 ||    34
    Use: Potion            |       |     2 ||     2
   Stab: Sleeping          |     4 |       ||     4
 Armour: Robe              |    27 |       ||    27
         Scale mail        |    49 |    63 ||   112
  Dodge: Dodged            |    47 |    12 ||    59
  Block: Tower shield      |    61 |    51 ||   112
